 Dungeon Crawl Stone Soup version 0.14.2 (webtiles) character file.

279167 rftp080 the Sorcerer (level 19, -7/103 HPs)
             Began as a Deep Elf Wizard on May 31, 2016.
             Was the Champion of Sif Muna.
             Mangled by a jiangshi (24 damage)
             ... led by a vampire mage
             ... on Level 1 of the Crypt on June 6, 2016.
             The game lasted 05:45:37 (66265 turns).

rftp080 the Sorcerer (Deep Elf Wizard)             Turns: 66265, Time: 05:45:38

HP  -7/103       AC 13     Str  8      XL: 19   Next: 56%
MP   3/46        EV 17     Int 32      God: Sif Muna [******]
Gold 3320        SH 13     Dex 13      Spells: 15 memorised,  2 levels left

rFire  + . .     SeeInvis +     O - +3,+1 spear "Worm" {flame, +Rage rElec rC+ SInv}
rCold  + + .     Clarity  .     Q - +2 robe {rC+ rF+}
rNeg   . . .     Conserve .     q - +3 buckler
rPois  .         rCorr    .     h - +2 helmet
rElec  +         rRot     .     F - +0 cloak
SustAb . .       Spirit   .     z - +1 pair of gloves
rMut   .         Warding  .     E - +2 pair of boots {Fly}
Gourm  +         Stasis   .     p - amulet of the gourmand
MR     +....                    i - +4 ring of strength
                                l - ring of regeneration

@: repel missiles, regenerating, flying, very slightly contaminated, somewhat
resistant to hostile enchantments, quite stealthy
A: no striking features
a: Channel Energy, Forget Spell, Renounce Religion, Evoke Berserk Rage, Stop
Flying
}: 2/15 runes: decaying, gossamer


You were on level 1 of the Crypt.
You worshipped Sif Muna.
Sif Muna was exalted by your worship.
You were not hungry.

You visited 8 branches of the dungeon, and saw 41 of its levels.
You visited the Abyss 1 time.
You also visited: Labyrinth.

You collected 4394 gold pieces.
You spent 1074 gold pieces at shops.

Inventory:

Hand weapons
 m - the +6 blowgun "Eniluisch" {speed, rF+ rN+}
   (You found it on level 5 of the Lair of Beasts)

   Attacks with this weapon are significantly faster.
   It protects you from fire.
   It protects you from negative energy.
 O - the +3,+1 spear "Worm" (weapon) {flame, +Rage rElec rC+ SInv}
   (You bought it in a shop on level 4 of the Orcish Mines)

   It emits flame when wielded, causing extra injury to most foes and up to
   double damage against particularly susceptible opponents.
   It protects you from cold.
   It insulates you from electricity.
   It enhances your eyesight.
   It lets you go berserk.
Armour
 f - the +1 leather armour "Afuy" {rC+ Str+2}
   (You found it on level 15 of the Dungeon)

   It affects your strength (+2).
   It protects you from cold.
 h - a +2 helmet (worn)
 j - the +5 pair of gloves of Context {rPois rN+ Str-4}
   (You found it on level 12 of the Dungeon)

   It affects your strength (-4).
   It protects you from poison.
   It protects you from negative energy.
 q - a +3 buckler (worn)
 z - a +1 pair of gloves (worn)
 E - a +2 pair of boots of flying (worn)
 F - a +0 cloak (worn)
 Q - a +2 robe of resistance (worn)
Magical devices
 d - a wand of teleportation (2)
 e - a wand of fire (2)
 g - a wand of heal wounds (5)
 V - a wand of fire (5)
Comestibles
 o - 6 bread rations
 S - 12 sultanas
Scrolls
 b - 2 scrolls of fear
 c - 2 scrolls of remove curse
 v - a scroll of identify
 w - a scroll of blinking
 G - 4 scrolls of teleportation
Jewellery
 a - an uncursed ring of protection from fire
 i - a +4 ring of strength (right hand)
 l - a ring of regeneration (left hand)
 n - an uncursed ring of positive energy
 p - an amulet of the gourmand (around neck)
 s - a cursed ring of teleportation
 t - an uncursed ring of protection from cold
 y - an uncursed ring of protection from magic
Potions
 k - a potion of restore abilities
 r - a potion of curing
 u - 2 potions of resistance
 H - a potion of invisibility
 L - a potion of haste
Magical staves
 J - an uncursed staff of wizardry


   Skills:
 - Level 6.0 Fighting
 - Level 3.6 Armour
 - Level 10.0 Dodging
 - Level 7.1 Stealth
 - Level 5.1 Shields
 * Level 23.3 Spellcasting
 * Level 19.7 Conjurations
 - Level 9.8 Charms
   Level 1.1 Summonings
 - Level 5.1 Necromancy
 - Level 2.8 Translocations
 + Level 13.6 Fire Magic
 - Level 3.0 Air Magic
 - Level 4.8 Poison Magic
 - Level 12.0 Invocations


You had 2 spell levels left.
You knew the following spells:

 Your Spells              Type           Power        Failure   Level  Hunger
a - Magic Dart            Conj           ####         0%          1    None
b - Blink                 Tloc           N/A          1%          2    None
c - Dispel Undead         Necr           ######..     3%          5    None
d - Repel Missiles        Chrm/Air       ######       1%          2    None
e - Mephitic Cloud        Conj/Pois/Air  #######.     1%          3    None
f - Ozocubu's Armour      Chrm/Ice       ######....   1%          3    None
g - Poison Arrow          Conj/Pois      #######...   1%          6    None
h - Sticky Flame          Conj/Fire      #######.     0%          4    None
i - Apportation           Tloc           ######....   1%          1    None
j - Fire Storm            Conj/Fire      #######...   63%         9    #####..
k - Bolt of Fire          Conj/Fire      #######...   1%          6    None
l - Haste                 Chrm           #######.     1%          6    None
m - Iron Shot             Conj/Erth      #######...   1%          6    None
n - Phase Shift           Tloc           ######....   10%         5    None
o - Regeneration          Chrm/Necr      ######....   1%          3    None


Dungeon Overview and Level Annotations

Branches:
Dungeon (15/15)            Temple (1/1) D:4             Orc (4/4) D:11
    Elf (0/3) Orc:4          Lair (8/8) D:8           Swamp (5/5) Lair:5
 Spider (5/5) Lair:6        Slime (0/6) Lair:6       Vaults (2/5) D:13
  Crypt (1/5) Vaults:2     Depths (0/5) D:15

Altars:
Ashenzari
Cheibriados
Dithmenos
Elyvilon
Fedhas
Kikubaaqudgha
Makhleb
Nemelex Xobeh
Okawaru
Sif Muna
Trog
Vehumet
Xom
Yredelemnul
Zin
The Shining One
Jiyva

Shops:
D:7 ?   D:11 %!!   Orc:2 %   Orc:4 (([=   Vaults:1 }

Portals:
Hell: Lair:8

Annotations:
D:3 rftp080's ghost, average DEWz
D:4 Grinder
Swamp:2 Agnes
Spider:1 exclusion: Roxanne, Roxanne


Message History

Use which ability? (? or * to list)
You channel some magical energy.
You feel somewhat more hungry.
Casting: Dispel Undead
Confirm with . or Enter, or press ? or * to list all spells.
Aiming: Dispel Undead
Press: ? - help, Shift-Dir - straight line, f/p - jiangshi
Aim: a jiangshi (moderately damaged)
The jiangshi convulses!
You block the jiangshi's attack. The jiangshi barely misses you.
Use which ability? (? or * to list)
You channel some magical energy.
You feel somewhat more hungry. The jiangshi claws you!
* * * LOW HITPOINT WARNING * * *
The jiangshi draws strength from your injuries!
The jiangshi misses you. The flaming corpse barely misses you.
The jiangshi claws you!
* * * LOW HITPOINT WARNING * * *
The jiangshi draws strength from your injuries!
The jiangshi claws you!
You die...

##################
)................#
.................#
.................#
.................#
....V............#
.................#
.....##########V.#
.....# #.@# .....#
#.z# .....# #..#
##...# #..# #...#
#..# #...# #..#
##...# #..# .....#
#..#
#....##########..#


You could see a jiangshi and a flaming corpse.

Vanquished Creatures
  Nikola (Swamp:4)
  Arachne (Spider:5)
  Asterion (Spider:1)
  5 tentacled starspawn (Abyss:1)
  A deep elf sorcerer (Vaults:1)
  Wiglaf (Swamp:4)
  3 thorn hunters
  4 ghost moths
  Donald (Orc:3)
  4 emperor scorpions (Spider:5)
  7 vault wardens
  A stone giant (Vaults:2)
  Maud (Lair:5)
  A deep elf annihilator (Vaults:1)
  A minotaur (Lab)
  An ettin (Vaults:2)
  Snorg (Orc:3)
  Josephine (Orc:3)
  A green death (Abyss:1)
  A fire dragon (D:15)
  3 dire elephants (Lair:8)
  4 yaktaur captains (Vaults:1)
  2 jiangshi (Crypt:1)
  5 ironheart preservers
  Harold (Lair:1)
  A ravenous item mimic (Vaults:1)
  2 rakshasas
  A shambling mangrove (Swamp:5)
  A ravenous feature mimic (Vaults:1)
  5 vault guards (Vaults:1)
  2 ice dragons
  A spectral frost giant (Crypt:1)
  24 hydras
  6 ogre magi
  Fannar (Lair:5)
  9 alligators
  6 orc high priests (Orc:4)
  A vampire mage (Crypt:1)
  2 spriggans
  3 thrashing horrors (Abyss:1)
  2 shadow wraiths
  5 centaur warriors
  Urug (D:12)
  10 death yaks
  2 wretched stars (Abyss:1)
  A sun demon (Abyss:1)
  A very ugly thing (Abyss:1)
  A deep elf knight (Vaults:1)
  3 skeletal warriors (Vaults:1)
  10 large abominations (Abyss:1)
  18 orb spiders
  A flayed ghost (Crypt:1)
  An orb spider (shapeshifter) (Abyss:1)
  A spriggan druid (Swamp:5)
  A giant orange brain (Vaults:2)
  10 swamp dragons
  10 hill giants
  An unseen horror (Vaults:1)
  6 ironbrand convokers
  2 phantasmal warriors
  4 harpies (Vaults:2)
  7 red wasps
  A flaming corpse (Crypt:1)
  A necromancer (Crypt:1)
  2 manticores (D:11)
  41 wolf spiders
  2 iron trolls
  5 cyclopes
  A stone giant skeleton (Abyss:1)
  2 moths of wrath
  Maurice (D:8)
  A frost giant skeleton (Crypt:1)
  12 orc knights
  A sixfirhy (Abyss:1)
  9 griffons
  5 vault sentinels
  An elephant (Lair:8)
  Erolcha (Orc:3)
  2 vapours (Swamp:3)
  3 orc sorcerers
  A dire elephant skeleton (Crypt:1)
  A feature mimic (D:11)
  A gargoyle (D:13)
  7 fire drakes
  3 smoke demons (Abyss:1)
  21 yaktaurs
  2 orange demons (Lair:8)
  A wizard (Lair:8)
  16 demonic crawlers
  2 deep elf priests (Vaults:1)
  17 spiny frogs
  A hellwing (Lair:8)
  An efreet (D:15)
  4 red devils (Lair:8)
  11 komodo dragons
  A hydra zombie (D:12)
  4 ancient zymes (Abyss:1)
  23 jumping spiders
  2 spiny frogs (shapeshifter)
  2 blue devils (Lair:8)
  2 giant fireflies
  A silent spectre (Crypt:1)
  A centaur skeleton (D:15)
  A black mamba (Lair:1)
  3 trolls
  A freezing wraith (D:15)
  A harpy skeleton (Crypt:1)
  3 raiju (Abyss:1)
  Sonja (Orc:3)
  6 giant leeches
  2 kobold demonologists (D:14)
  5 bog bodies
  4 boggarts (Vaults:1)
  10 ravens
  8 two-headed ogres
  8 baby alligators (Swamp:2)
  3 raiju (shapeshifter)
  An ettin zombie (Abyss:1)
  A trapdoor spider zombie (D:11)
  A catoblepas skeleton (D:15)
  2 flying skulls (Crypt:1)
  7 shadows
  51 redbacks
  A deep elf mage (D:11)
  6 thorn lotuses
  An ice dragon skeleton (Crypt:1)
  19 blink frogs
  18 trapdoor spiders
  2 fire bats (Abyss:1)
  28 slime creatures
  5 vampires (Crypt:1)
  3 sharks
  14 hippogriffs
  2 neqoxecs (Abyss:1)
  29 vampire mosquitoes
  A yak (shapeshifter) (D:13)
  6 hungry ghosts
  2 wraiths
  A hill giant zombie (D:13)
  A queen bee (Spider:2)
  71 yaks
  33 ugly things
  3 ynoxinuls (Abyss:1)
  A chaos spawn (Abyss:1)
  A wyvern (D:12)
  A hell beast (Lair:8)
  27 swamp worms
  9 deep elf fighters (Vaults:1)
  5 basilisks
  A yaktaur simulacrum (Vaults:1)
  An elephant slug (Lair:8)
  28 tarantellas
  2 steam dragons
  2 mottled dragons
  2 hell hounds
  7 necrophages (Lair:6)
  12 wolves
  5 porcupines
  5 wargs
  24 water moccasins
  13 small abominations (Abyss:1)
  3 boulder beetles
  5 ice beasts
  43 orc warriors
  22 spiders
  2 black bears
  2 phantoms (D:6)
  A human simulacrum (Vaults:2)
  5 giant goldfish
  32 ogres
  19 swamp drakes
  A black bear (shapeshifter) (Vaults:2)
  16 crocodiles
  4 yellow wasps
  A lost soul (Crypt:1)
  7 big kobolds
  Sigmund (D:5)
  A lindwurm skeleton (Crypt:1)
  An orc skeleton (D:14)
  7 centaurs
  26 giant frogs
  A dryad zombie (Crypt:1)
  A gnoll sergeant (D:9)
  A boring beetle (shapeshifter) (D:14)
  20 insubstantial wisps
  11 giant slugs
  A komodo dragon skeleton (D:13)
  A brain worm (D:12)
  13 scorpions
  A wyvern skeleton (D:12)
  A lava worm (Lair:7)
  An eye of draining (D:12)
  A water moccasin skeleton (D:11)
  25 killer bees
  A troll zombie (D:12)
  8 crimson imps
  16 wights
  8 electric eels
  4 goliath beetles
  2 jellies
  38 orc priests
  2 centaur zombies
  A lava snake (Lair:6)
  A quasit (Abyss:1)
  11 hounds
  2 big fish
  A two-headed ogre skeleton (D:9)
  13 worker ants
  19 orc wizards
  5 iguanas
  A killer bee zombie (D:10)
  A crocodile zombie (Crypt:1)
  5 sheep
  Ijyb (D:2)
  A big kobold skeleton (D:8)
  A hound skeleton (Crypt:1)
  6 gnolls
  18 adders
  7 giant mites
  48 green rats
  5 shadow imps
  3 white imps (Abyss:1)
  12 worms
  An ufetubus (Abyss:1)
  An iguana zombie (D:9)
  A lava snake skeleton (Crypt:1)
  3 giant eyeballs
  7 giant geckos
  191 orcs
  25 bats
  A bat skeleton (D:4)
  A bat zombie (D:6)
  7 giant cockroaches
  24 hobgoblins
  21 jackals
  37 kobolds
  11 quokkas
  2 ball pythons
  10 giant newts
  A giant spore (D:8)
  26 goblins
  A hobgoblin skeleton (D:7)
  2 kobold skeletons (D:7)
  4 orc simulacra (Orc:3)
  4 orc zombies
  A quokka skeleton (D:7)
  20 rats
  A rat skeleton (D:6)
  2 fungi
  A starspawn tentacle (Abyss:1)
1867 creatures vanquished.

Vanquished Creatures (others)
  An unseen horror (D:12)
  A jumping spider (Spider:5)
  A swamp worm (Swamp:4)
  An ogre (D:10)
  A killer bee (D:8)
  A giant mite (Lair:1)
  A white imp (D:9)
  A giant spore (Abyss:1)
  A goblin (Orc:4)
  A lurking horror (Abyss:1)
  2 ballistomycetes (Abyss:1)
  8 fungi
  4 plants (Spider:1)
  9 starspawn tentacles (Abyss:1)
  12 starspawn tentacle segments (Abyss:1)
45 creatures vanquished.

Grand Total: 1912 creatures vanquished

Notes
Turn   | Place    | Note
--------------------------------------------------------------
     0 | D:1      | rftp080, the Deep Elf Wizard, began the quest for the Orb.
     0 | D:1      | Reached XP level 1. HP: 10/10 MP: 6/6
   401 | D:1      | Reached XP level 2. HP: 12/15 MP: 7/9
   833 | D:2      | Noticed Ijyb
   924 | D:1      | Learned a level 2 spell: Blink
   927 | D:1      | Learned a level 2 spell: Call Imp
   930 | D:1      | Learned a level 2 spell: Repel Missiles
  1142 | D:2      | Reached XP level 3. HP: 19/19 MP: 9/12
  1176 | D:2      | Killed Ijyb
  1709 | D:3      | Reached XP level 4. HP: 24/24 MP: 13/15
  1749 | D:3      | Noticed rftp080's ghost (average DEWz)
  1996 | D:2      | Learned a level 3 spell: Mephitic Cloud
  2991 | D:4      | Reached XP level 5. HP: 10/28 MP: 3/18
  3229 | D:4      | Reached skill level 1 in Fighting
  3584 | D:4      | Found a shadowy altar of Dithmenos.
  3650 | D:4      | Reached XP level 6. HP: 34/34 MP: 15/20
  3720 | D:4      | Found a staircase to the Ecumenical Temple.
  3727 | Temple   | Entered the Ecumenical Temple
  3792 | Temple   | Became a worshipper of Sif Muna the Loreminder
  3798 | Temple   | Learned a level 3 spell: Conjure Flame
  3850 | D:4      | Reached skill level 5 in Conjurations
  4038 | D:4      | Reached skill level 1 in Invocations
  4569 | D:5      | Entered Level 5 of the Dungeon
  4569 | D:5      | Noticed Grinder
  4580 | D:4      | Paralysed by Grinder for 3 turns
  4752 | D:5      | Noticed Sigmund
  4829 | D:5      | Reached skill level 5 in Spellcasting
  4848 | D:5      | Killed Sigmund
  5152 | D:5      | Found a blossoming altar of Fedhas.
  5267 | D:5      | Reached XP level 7. HP: 38/38 MP: 21/23
  5699 | D:6      | Reached skill level 6 in Spellcasting
  5904 | D:6      | Found a burning altar of Makhleb.
  5915 | D:6      | Acquired Sif Muna's first power
  6113 | D:6      | Found a shimmering altar of Xom.
  6210 | D:6      | Reached XP level 8. HP: 43/43 MP: 10/25
  6387 | D:6      | Reached skill level 7 in Spellcasting
  6636 | D:6      | Reached skill level 5 in Invocations
  6935 | D:7      | Reached skill level 8 in Spellcasting
  7068 | D:7      | Acquired Sif Muna's second power
  7141 | D:7      | Found Oruah Plaudgh's Magic Scroll Boutique.
  7277 | D:7      | Noticed a hill giant
  7312 | D:7      | Killed a hill giant
  7312 | D:7      | Reached skill level 9 in Spellcasting
  7312 | D:7      | Reached XP level 9. HP: 47/47 MP: 3/29
  7629 | D:7      | Paralysed by a giant eyeball for 4 turns
  7636 | D:7      | Paralysed by a giant eyeball for 2 turns
  8555 | D:8      | Noticed Maurice
  8576 | D:8      | Killed Maurice
  8576 | D:8      | Reached skill level 10 in Spellcasting
  8704 | D:8      | Found a staircase to the Lair.
  8744 | D:8      | Noticed a fire drake
  9055 | D:8      | Killed a fire drake
  9072 | D:8      | Reached XP level 10. HP: 46/52 MP: 6/31
 10779 | D:9      | Reached skill level 11 in Spellcasting
 10781 | D:9      | Reached skill level 10 in Conjurations
 11162 | D:9      | Acquired Sif Muna's third power
 11162 | D:9      | Reached skill level 1 in Charms
 11322 | D:9      | Reached skill level 1 in Fire Magic
 11417 | D:10     | Entered Level 10 of the Dungeon
 11642 | D:10     | Noticed a hill giant
 11669 | D:10     | Killed a hill giant
 11669 | D:10     | Reached skill level 1 in Poison Magic
 12614 | D:11     | Reached skill level 12 in Spellcasting
 12692 | D:11     | Noticed a manticore
 12698 | D:11     | Noticed a hill giant
 12701 | D:11     | Noticed a manticore
 12703 | D:11     | Found Skydd's Distillery.
 12738 | D:11     | Reached XP level 11. HP: 28/56 MP: 15/34
 12745 | D:11     | Noticed a hill giant
 12859 | D:11     | Noticed a five-headed hydra
 12985 | D:10     | Noticed a five-headed hydra
 13023 | D:10     | Killed a five-headed hydra
 13081 | D:11     | Found Punkik's Food Boutique.
 13105 | D:11     | Killed a hill giant
 13153 | D:11     | Killed a manticore
 13187 | D:11     | Killed a manticore
 13187 | D:11     | Reached skill level 5 in Charms
 13409 | D:11     | Found Game's Distillery.
 13475 | D:11     | Killed a five-headed hydra
 13475 | D:11     | Reached skill level 13 in Spellcasting
 13586 | D:11     | Bought a potion of curing for 24 gold pieces
 13586 | D:11     | Bought a potion of heal wounds for 36 gold pieces
 13586 | D:11     | Bought 2 potions of curing for 48 gold pieces
 13843 | Lair:1   | Entered Level 1 of the Lair of Beasts
 13848 | Lair:1   | Noticed Harold
 14822 | D:11     | Received a gift from Sif Muna
 14828 | D:11     | Identified Sif Muna's Grimoire of Battle Magic (Sif Muna gifted it to you on level 11 of the Dungeon)
 14841 | D:11     | Learned a level 5 spell: Venom Bolt
 14846 | D:11     | Learned a level 4 spell: Sticky Flame
 14989 | D:11     | Got a steaming long sword
 14990 | D:11     | Identified the +8,+5 long sword "Girig" {venom, Noisy rF+ Str+3 Dex-1 Stlth+} (You found it on level 11 of the Dungeon)
 15089 | D:11     | Reached skill level 10 in Invocations
 15239 | D:11     | Learned a level 1 spell: Apportation
 15256 | D:11     | Found a staircase to the Orcish Mines.
 15471 | D:11     | Noticed a hill giant
 15483 | D:11     | Killed a hill giant
 15522 | D:11     | Killed a hill giant
 15671 | D:11     | Reached skill level 5 in Fire Magic
 15673 | D:11     | Found Iseugg's Jewellery Shoppe.
 15685 | D:11     | Iseugg's Jewellery Shoppe was a mimic.
 16164 | Lair:1   | Killed Harold
 16164 | Lair:1   | Reached skill level 14 in Spellcasting
 16166 | Lair:1   | Reached XP level 12. HP: 48/62 MP: 1/36
 16266 | Lair:1   | Learned a level 5 spell: Bolt of Draining
 16445 | Lair:1   | Noticed a four-headed hydra
 16451 | Lair:1   | Killed a four-headed hydra
 16451 | Lair:1   | Reached skill level 5 in Dodging
 16451 | Lair:1   | Reached skill level 1 in Necromancy
 17335 | Lair:2   | Noticed an eight-headed hydra
 17340 | Lair:2   | Killed an eight-headed hydra
 17648 | Lair:2   | Reached skill level 1 in Shields
 18295 | Lair:3   | Found a glowing silver altar of Zin.
 18716 | Lair:3   | Reached skill level 5 in Shields
 19538 | Lair:3   | Reached skill level 1 in Armour
 19567 | Lair:3   | Reached XP level 13. HP: 27/68 MP: 4/37
 20625 | Lair:4   | Reached skill level 5 in Stealth
 21027 | Lair:5   | Noticed Maud
 21044 | Lair:5   | Killed Maud
 21044 | Lair:5   | Received a gift from Sif Muna
 21066 | Lair:5   | Identified Sif Muna's Guide on Conjuration (Sif Muna gifted it to you on level 5 of the Lair of Beasts)
 21238 | Lair:5   | Noticed Fannar
 21247 | Lair:5   | Reached skill level 15 in Spellcasting
 21262 | Lair:5   | Killed Fannar
 21894 | Lair:5   | Found a staircase to the Swamp.
 22213 | Lair:6   | Found a hole to the Spider Nest.
 22381 | Lair:6   | Reached skill level 5 in Necromancy
 22429 | Lair:6   | Found a staircase to the Slime Pits.
 22430 | Lair:6   | Found a viscous altar of Jiyva.
 23565 | Lair:2   | Learned a level 9 spell: Fire Storm
 24422 | Lair:8   | Entered Level 8 of the Lair of Beasts
 24482 | Lair:8   | Reached skill level 1 in Air Magic
 24703 | Lair:8   | Noticed a dire elephant
 24745 | Lair:8   | Killed a dire elephant
 24745 | Lair:8   | Reached XP level 14. HP: 75/75 MP: 24/38
 24807 | Lair:8   | Noticed a dire elephant
 24814 | Lair:8   | Killed a dire elephant
 24897 | Lair:8   | Found a burning altar of Makhleb.
 25235 | Lair:8   | Reached skill level 16 in Spellcasting
 25469 | Lair:8   | Noticed a dire elephant
 25486 | Lair:8   | Killed a dire elephant
 25817 | Lair:8   | Found a gateway to Hell.
 26149 | Orc:1    | Entered Level 1 of the Orcish Mines
 26260 | Orc:1    | Found a shimmering altar of Xom.
 26476 | Orc:2    | Found Ruxzalun's Food Shoppe.
 27290 | Orc:3    | Noticed Erolcha
 27296 | Orc:3    | Killed Erolcha
 27415 | Orc:3    | Noticed Sonja
 27416 | Orc:3    | Killed Sonja
 27440 | Orc:3    | Noticed Donald
 27441 | Orc:3    | Noticed Josephine
 27449 | Orc:3    | Killed Donald
 27449 | Orc:3    | Received a gift from Sif Muna
 27589 | Orc:3    | Noticed Snorg
 27597 | Orc:3    | Killed Snorg
 27722 | Orc:3    | Killed Josephine
 27785 | Orc:3    | Identified Sif Muna's Guide on the Voyage and Venom (Sif Muna gifted it to you on level 3 of the Orcish Mines)
 28352 | Orc:4    | Entered Level 4 of the Orcish Mines
 28352 | Orc:4    | Found a staircase to the Elven Halls.
 28559 | Orc:4    | Found a labyrinth entrance.
 28573 | Lab      | Entered a labyrinth
 28739 | Lab      | Got an iridescent trident
 28740 | Lab      | Identified the +9,+8 trident "Shruaddu" {slay drac, Dex-1 SInv} (You found it in a labyrinth)
 29665 | Orc:4    | Learned a level 6 spell: Bolt of Fire
 29695 | Orc:4    | Found Imaum's Antique Weapon Emporium.
 29700 | Orc:4    | Found Uceibb's Jewellery Shoppe.
 30268 | Orc:4    | Found Baolem Ogao's Antique Weapon Shoppe.
 30268 | Orc:4    | Found Maecw's Antique Armour Shoppe.
 30306 | Orc:4    | Bought an uncursed amulet of the gourmand for 510 gold pieces
 30311 | Orc:4    | Bought a warped long sword for 221 gold pieces
 30311 | Orc:4    | Bought an encrusted spear for 208 gold pieces
 30313 | Orc:4    | Bought a runed robe for 27 gold pieces
 30321 | Orc:4    | Identified the cursed +3,-1 long sword of Optimality {freeze, Int-1} (You bought it in a shop on level 4 of the Orcish Mines)
 30323 | Orc:4    | Identified the cursed +3,+1 spear "Worm" {flame, +Rage rElec rC+ SInv} (You bought it in a shop on level 4 of the Orcish Mines)
 30714 | D:12     | Noticed Urug
 30890 | D:12     | Killed Urug
 31252 | D:12     | Reached XP level 15. HP: 81/81 MP: 1/40
 32122 | D:13     | Found a gate to the Vaults.
 32775 | D:14     | Reached skill level 5 in Fighting
 33612 | D:15     | Entered Level 15 of the Dungeon
 33721 | D:15     | Reached skill level 17 in Spellcasting
 34355 | D:15     | Received a gift from Sif Muna
 34356 | D:15     | Identified Sif Muna's Catalogue of Scorching Attacks (Sif Muna gifted it to you on level 15 of the Dungeon)
 34364 | D:15     | Learned a level 6 spell: Haste
 34377 | D:15     | Found a staircase to the Depths.
 34812 | Spider:1 | Entered Level 1 of the Spider Nest
 34906 | Swamp:1  | Entered Level 1 of the Swamp
 35697 | Swamp:2  | Found a blossoming altar of Fedhas.
 36021 | Swamp:2  | Got a crystal falchion
 36022 | Swamp:2  | Identified the cursed +6,-2 falchion of Instant Death {elec, -Tele +Rage +Fly rC+ Int+2} (You found it on level 2 of the Swamp)
 36414 | Swamp:2  | Noticed a thorn hunter
 36428 | Swamp:2  | Killed a thorn hunter
 36673 | Swamp:2  | Noticed Agnes
 37834 | Swamp:3  | Reached skill level 18 in Spellcasting
 37834 | Swamp:3  | Reached XP level 16. HP: 80/87 MP: 14/41
 38016 | Swamp:3  | Received a gift from Sif Muna
 38018 | Swamp:3  | Identified Sif Muna's Handbook of Ghastly Boosts (Sif Muna gifted it to you on level 3 of the Swamp)
 39718 | Swamp:4  | Reached skill level 15 in Conjurations
 39843 | Swamp:4  | Noticed Wiglaf
 39871 | Swamp:4  | Killed Wiglaf
 39992 | Swamp:4  | Noticed Nikola
 40017 | Swamp:4  | Killed Nikola
 41796 | Spider:1 | Noticed Roxanne
 42051 | Spider:1 | Received a gift from Sif Muna
 42059 | Spider:1 | Learned a level 5 spell: Fireball
 42325 | Spider:1 | Noticed Asterion
 42329 | Spider:1 | Killed Asterion
 42342 | Spider:1 | Reached skill level 10 in Fire Magic
 42609 | Spider:2 | Reached skill level 19 in Spellcasting
 44672 | Lair:2   | Learned a level 6 spell: Poison Arrow
 45885 | Spider:5 | Entered Level 5 of the Spider Nest
 46092 | Swamp:5  | Entered Level 5 of the Swamp
 46093 | Swamp:5  | Received a gift from Sif Muna
 46462 | Swamp:5  | Reached XP level 17. HP: 92/92 MP: 31/43
 47697 | Swamp:5  | Reached skill level 20 in Spellcasting
 48434 | Swamp:5  | Got a decaying rune of Zot
 48946 | Vaults:1 | Entered Level 1 of the Vaults
 49233 | Vaults:1 | Received a gift from Sif Muna
 51399 | Spider:2 | Reached skill level 21 in Spellcasting
 52230 | Spider:4 | Received a gift from Sif Muna
 52231 | Spider:4 | Identified Lurchuax's Handbook of Protection and Evil (Sif Muna gifted it to you on level 4 of the Spider Nest)
 53156 | Spider:5 | Reached XP level 18. HP: 73/96 MP: 2/44
 53408 | Spider:5 | Noticed Arachne
 53424 | Spider:5 | Killed Arachne
 54900 | Spider:5 | Received a gift from Sif Muna
 54912 | Spider:5 | Identified Utron's Guide on Blistering Attacks (Sif Muna gifted it to you on level 5 of the Spider Nest)
 56151 | Spider:5 | Reached skill level 22 in Spellcasting
 56262 | Spider:5 | Got a gossamer rune of Zot
 56624 | D:12     | Got a pair of bloodstained gloves
 56628 | D:12     | Identified the +5 pair of gloves of Context {rPois rN+ Str-4} (You found it on level 12 of the Dungeon)
 56760 | Lair:2   | Learned a level 3 spell: Ozocubu's Armour
 56767 | Lair:2   | Learned a level 6 spell: Iron Shot
 56773 | Lair:2   | Learned a level 5 spell: Phase Shift
 57663 | Vaults:1 | Received a gift from Sif Muna
 57664 | Vaults:1 | Identified Sif Muna's Disquisition on Conjuration (Sif Muna gifted it to you on level 1 of the Vaults)
 57888 | Vaults:1 | Cast into the Abyss (deep elf sorcerer)
 58424 | Abyss:1  | Found a corrupted altar of Lugonu.
 59010 | Abyss:1  | Found a deep blue altar of Sif Muna.
 59047 | Abyss:1  | Reached XP level 19. HP: 56/100 MP: 14/45
 60307 | Abyss:1  | Noticed a bone dragon
 60492 | Vaults:1 | Escaped the Abyss
 60678 | Vaults:1 | Found Sines' Gadget Emporium.
 60872 | Vaults:2 | Reached skill level 10 in Dodging
 61301 | Vaults:2 | Found a staircase to the Crypt.
 61301 | Vaults:2 | Found an ancient bone altar of Kikubaaqudgha.
 61302 | Vaults:2 | Found a basalt altar of Yredelemnul.
 61731 | Vaults:2 | Found a glowing silver altar of Zin.
 61744 | Vaults:2 | Received a gift from Sif Muna
 61979 | Vaults:2 | Reached skill level 23 in Spellcasting
 63066 | Lair:2   | Got a bloodstained glaive
 63067 | Lair:2   | Identified the +4,+2 glaive "Bluv" {chop, rF+ MR+ Dex+3} (You found it on level 2 of the Lair of Beasts)
 63298 | D:15     | Got a steaming leather armour
 63305 | D:15     | Identified the +1 leather armour "Afuy" {rC+ Str+2} (You found it on level 15 of the Dungeon)
 63416 | D:12     | Got a transparent spear
 63417 | D:12     | Identified the cursed +0,+1 spear "Killer Klown's Death" {flame, *Tele rN+ SInv} (You found it on level 12 of the Dungeon)
 63621 | Lair:5   | Got a twisted blowgun
 63622 | Lair:5   | Identified the +6 blowgun "Eniluisch" {speed, rF+ rN+} (You found it on level 5 of the Lair of Beasts)
 63695 | Lair:2   | Learned a level 5 spell: Dispel Undead
 63872 | Lair:2   | Learned a level 3 spell: Regeneration
 64122 | Crypt:1  | Entered Level 1 of the Crypt
 66265 | Crypt:1  | Mangled by a jiangshi

Action                   |  1- 3 |  4- 6 |  7- 9 | 10-12 | 13-15 | 16-18 | 19-21 || total
-------------------------+-------+-------+-------+-------+-------+-------+-------++-------
Melee: Dagger            |     1 |     5 |    13 |    34 |       |       |       ||    53
       Long sword        |       |       |       |     6 |    28 |    13 |       ||    47
       Staff             |       |       |       |     1 |     8 |     3 |    13 ||    25
       Spear             |       |       |       |       |       |    20 |    19 ||    39
 Cast: Magic Dart        |    92 |   204 |   444 |   662 |    61 |     1 |       ||  1464
       Mephitic Cloud    |       |     9 |    18 |    86 |    30 |     7 |       ||   150
       Call Imp          |       |     1 |     1 |     2 |       |       |       ||     4
       Repel Missiles    |       |     1 |       |     2 |     2 |     2 |     2 ||     9
       Blink             |       |     1 |     4 |    31 |    10 |     9 |       ||    55
       Conjure Flame     |       |       |    12 |    70 |     2 |     1 |       ||    85
       Venom Bolt        |       |       |       |    32 |    50 |    45 |       ||   127
       Sticky Flame      |       |       |       |     4 |    10 |     1 |       ||    15
       Bolt of Draining  |       |       |       |   132 |   822 |    15 |       ||   969
       Bolt of Fire      |       |       |       |       |   256 |   657 |   193 ||  1106
       Haste             |       |       |       |       |     1 |     4 |     2 ||     7
       Poison Arrow      |       |       |       |       |       |   182 |     8 ||   190
       Fireball          |       |       |       |       |       |     2 |       ||     2
       Iron Shot         |       |       |       |       |       |     7 |    20 ||    27
       Ozocubu's Armour  |       |       |       |       |       |     1 |     1 ||     2
       Phase Shift       |       |       |       |       |       |     1 |     1 ||     2
       Dispel Undead     |       |       |       |       |       |       |    18 ||    18
       Regeneration      |       |       |       |       |       |       |     2 ||     2
Invok: Channel Energy    |       |       |     2 |   218 |   998 |   422 |   104 ||  1744
Evoke: Wand              |       |     1 |       |     5 |    11 |    10 |     4 ||    31
  Use: Scroll            |       |     7 |       |    25 |    28 |    21 |     8 ||    89
       Potion            |       |       |       |     4 |     3 |     7 |       ||    14
 Stab: Sleeping          |     1 |       |       |       |       |       |     1 ||     2
       Confused          |       |     2 |     1 |       |       |       |       ||     3
